 Dungeon Sprint DCSS version 0.31-a0-986-g5e6e4ef867 (webtiles) character file.

Game seed: 3485998728530864427

12760 rocky1 the Bludgeoner (level 11, -6/79 HPs)
             Began as a Gargoyle Fighter on Nov 6, 2023.
             Was the Champion of Cheibriados.
             Blown up by a cacodemon (45 damage)
             ... with a bolt of energy
             ... in the Dungeon (Sprint VII: "The Pits").
             The game lasted 00:09:23 (3433 turns).

rocky1 the Bludgeoner (Gargoyle Fighter)            Turns: 3433, Time: 00:09:24

Health: -6/79      AC: 25    Str: 40    XL:     11   Next: 98%
Magic:  8/22       EV: 16    Int: 23    God:    Cheibriados [******]
Gold:   34         SH:  8    Dex: 24    Spells: 15/15 levels left

rFire   . . .        s - +2 morningstar (heavy)
rCold   . . .        c - +0 buckler
rNeg    + . .        v - +4 chain mail
rPois   ∞            (no helmet)
rElec   +            (no cloak)
rCorr   .            u - +0 pair of gloves
SInv    .            (no boots)
Will    .....        (no amulet) Stlth
                     (no ring)
HPRegen 0.33/turn    (no ring)
MPRegen 0.18/turn

%: no teleportation
@: very slow
A: sickness immunity, AC +8, negative energy resistance 1, electricity
resistance, torment resistance 1, petrification resistance
a: Renounce Religion, Bend Time, Temporal Distortion, Slouch, Step From Time


You were in the Dungeon.
You worshipped Cheibriados.
Cheibriados was exalted by your worship.
You visited 1 branch You collected 34 gold pieces.

Inventory:

Hand Weapons
 s - a +2 heavy morningstar (weapon)
 t - a +1 broad axe of freezing
Armour
 c - a +0 buckler (worn)
 u - a +0 pair of gloves (worn)
 v - a +4 chain mail (worn)
 w - a +5 ring mail
Jewellery
 p - a +3 ring of protection
 q - a +3 ring of strength
 A - a ring of willpower
 B - a ring of ice
 C - a ring of fire
Scrolls
 a - 2 scrolls of fog
 b - 2 scrolls of fear
 j - a scroll of blinking
 l - 2 scrolls of vulnerability
 m - 5 scrolls of amnesia
 n - a scroll of summoning
 o - 3 scrolls of identify
 x - 2 scrolls of enchant weapon
 y - 2 scrolls of enchant armour
Potions
 d - 2 potions of might
 e - 11 potions of curing
 f - 14 potions of heal wounds
 g - 2 potions of haste
 h - 2 potions of magic
 i - 4 potions of berserk rage
 k - 2 potions of invisibility
 r - 3 potions of brilliance
 z - a potion of resistance


   Skills:
 * Level 13.7 Fighting
 * Level 16.4 Maces & Flails
 + Level 10.8 Armour
 + Level 8.5 Dodging
 + Level 2.6 Stealth
 + Level 10.1 Shields
 * Level 2.8 Spellcasting
 * Level 15.4 Invocations


You had 15 spell levels left.
You didn't know any spells.
Your spell library was empty.

Dungeon Overview and Level Annotations

Branches:
Dungeon (1/1)

Altars:
Ashenzari
Cheibriados
Dithmenos
Elyvilon
Fedhas
Gozag
Hepliaklqana
Kikubaaqudgha
Makhleb
Nemelex Xobeh
Okawaru
Qazlal
Ru
Sif Muna
Trog
Uskayaw
Vehumet
Wu Jian
Xom
Yredelemnul
Zin
The Shining One
Jiyva
Lugonu


Innate Abilities, Weirdness & Mutations

You are immune to sickness and miasma.
Your stone body is resilient. (AC +8)
You are immune to poison.
You resist negative energy. (rN+)
You are resistant to electric shocks. (rElec)
You are resistant to unholy torment.
You are immune to petrification.


Message History

Cheibriados appreciates the change of pace.
You block the rakshasa's attack.
The cacodemon hits you but does no damage.
The cacodemon hits you!
Activating: Slouch (0% risk of failure)
Press: ? - help, Dir - look around, f - activate You can feel time thicken for a moment.
You destroy the shadow!
Cheibriados appreciates the change of pace.
You destroy the adder zombie!
Cheibriados appreciates the change of pace.
The injured rakshasa weaves a defensive illusion!
The cacodemon hits you but does no damage.
The cacodemon closely misses you.
The rakshasa blinks!
The rakshasa barely misses you.
Activating: Slouch (0% risk of failure)
Press: ? - help, Dir - look around, f - activate You can feel time thicken for a moment.
You kill the rakshasa!
The rakshasa shimmers and vanishes!
You kill the rakshasa!
The rakshasa shimmers and vanishes!
You block the rakshasa's attack. The cacodemon barely misses you.
You block the cacodemon's attack.
Unknown command.
You miss the rakshasa.
The rakshasa is almost dead.
You block the rakshasa's attack. The cacodemon closely misses you.
You block the cacodemon's attack.
You closely miss the rakshasa.
The rakshasa is almost dead.
The rakshasa barely misses you. The cacodemon hits you.
The cacodemon barely misses you.
You spit the rakshasa like a pig!!!!
You kill the rakshasa!
Cheibriados appreciates the change of pace.
A lindwurm comes into view.
The cacodemon gestures at you. The bolt of energy hits you!!!
Ouch! That really hurt!
You die...

###################
..................+
..................+
################).#
# #.#@.# # #2..# #
#k#..# # #.##..# #
#.# #..#
################..#
..................#
..................#
#######''##########


You could see a cacodemon and a lindwurm (wandering).

Vanquished Creatures
  An emperor scorpion (D)
  An eidolon (D)
  A deep elf death mage (D)
  A rakshasa (D)
  A boulder beetle (D)
  A catoblepas (D)
  A vampire mage (D)
  A two-headed ogre (D)
  Sonja (D)
  A lindwurm (D)
  2 cyclopes (D)
  2 manticores (D)
  An elephant (D)
  2 naga magi (D)
  A molten gargoyle (D)
  A cane toad (D)
  An unseen horror (D)
  A kobold demonologist (D)
  2 freezing wraiths (D)
  A tarantella (D)
  A hellwing (D)
  A tyrant leech (D)
  2 glass eyes (D)
  A flying skull (D)
  A jumping spider (D)
  A shadow (D)
  2 redbacks (D)
  A chaos spawn (D)
  A steam dragon (D)
  2 nagas (D)
  An acid dragon (D)
  A black bear (D)
  An ice beast (D)
  A bullfrog (D)
  2 small abominations (D)
  4 wights (D)
  4 killer bees (D)
  A jelly (D)
  A quasit (D)
  A gnoll bouda (D)
  An orc priest (D)
  Crazy Yiuf (D)
  An iron imp (D)
  An iguana (D)
  An orc wizard (D)
  A hell rat (D)
  3 gnolls (D)
  An adder (D)
  An ufetubus (D)
  An adder zombie (D)
  An adder simulacrum (D)
  An orc (D)
  A ball python (D)
  A bat (D)
  A bat skeleton (D)
  A goblin (D)
  7 jackals (D)
  A quokka (D)
  2 frilled lizards (D)
  2 kobolds (D)
  A rat (D)
85 creatures vanquished.

Vanquished Creatures (others)
  A jackal (D)
1 creature vanquished.

Grand Total: 86 creatures vanquished

Notes
Turn   | Place    | Note
-------+----------+-------------------------------------------
     0 | D        | rocky1 the Gargoyle Fighter began the quest for the Orb.
     0 | D        | Reached XP level 1. HP: 14/14 MP: 1/1
    20 | D        | Found a bloodstained altar of Trog.
    20 | D        | Found a shimmering blue altar of Sif Muna.
    20 | D        | Found a viscous altar of Jiyva.
    20 | D        | Found a hazy altar of Hepliaklqana.
    20 | D        | Found an opulent altar of Gozag.
    21 | D        | Found a glowing golden altar of the Shining One.
    21 | D        | Found a glowing silver altar of Zin.
    21 | D        | Found a basalt altar of Yredelemnul.
    21 | D        | Found a shimmering altar of Xom.
    21 | D        | Found an ornate altar of the Wu Jian Council.
    21 | D        | Found a sacrificial altar of Ru.
    21 | D        | Found a stormy altar of Qazlal.
    21 | D        | Found an iron altar of Okawaru.
    21 | D        | Found a sparkling altar of Nemelex Xobeh.
    21 | D        | Found a burning altar of Makhleb.
    21 | D        | Found a blossoming altar of Fedhas.
    21 | D        | Found a white marble altar of Elyvilon.
    21 | D        | Found a shadowy altar of Dithmenos.
    21 | D        | Found a snail-covered altar of Cheibriados.
    23 | D        | Found a radiant altar of Vehumet.
    23 | D        | Found a corrupted altar of Lugonu.
    24 | D        | Found a hide-covered altar of Uskayaw.
    24 | D        | Found an ancient bone altar of Kikubaaqudgha.
    24 | D        | Found a broken altar of Ashenzari.
    32 | D        | Became a worshipper of Cheibriados the Contemplative
    76 | D        | Reached * piety under Cheibriados
    84 | D        | Noticed a glass eye
   103 | D        | Killed a glass eye
   104 | D        | Reached skill level 6 in Maces & Flails
   104 | D        | Reached skill level 5 in Armour
   104 | D        | Reached skill level 5 in Shields
   104 | D        | Reached XP level 2. HP: 24/24 MP: 1/4
   104 | D        | Reached XP level 3. HP: 28/28 MP: 1/5
   104 | D        | Reached XP level 4. HP: 34/34 MP: 1/6
   104 | D        | Reached XP level 5. HP: 38/38 MP: 1/7
   502 | D        | Noticed a glass eye
   505 | D        | Reached ** piety under Cheibriados
   511 | D        | Killed a glass eye
   512 | D        | Reached skill level 8 in Maces & Flails
   512 | D        | Reached XP level 6. HP: 44/44 MP: 7/9
   512 | D        | Reached *** piety under Cheibriados
   516 | D        | Reached skill level 5 in Invocations
   574 | D        | Noticed an ice beast
   574 | D        | Noticed Crazy Yiuf
   580 | D        | Reached **** piety under Cheibriados
   588 | D        | Reached XP level 7. HP: 50/50 MP: 10/10
   595 | D        | Reached skill level 9 in Maces & Flails
   598 | D        | Killed Crazy Yiuf
   598 | D        | Reached ***** piety under Cheibriados
   629 | D        | Noticed a molten gargoyle
   637 | D        | Killed a molten gargoyle
   637 | D        | Reached ****** piety under Cheibriados
   638 | D        | Reached skill level 10 in Maces & Flails
   638 | D        | Reached XP level 8. HP: 32/56 MP: 12/12
  1026 | D        | Noticed a flying skull
  1036 | D        | Killed a flying skull
  1037 | D        | Reached skill level 11 in Maces & Flails
  1484 | D        | Noticed a tyrant leech
  1489 | D        | Killed a tyrant leech
  1490 | D        | Reached skill level 10 in Fighting
  1490 | D        | Reached skill level 12 in Maces & Flails
  1490 | D        | Reached skill level 5 in Dodging
  1500 | D        | Noticed a manticore
  1507 | D        | Killed a manticore
  1508 | D        | Reached XP level 9. HP: 51/63 MP: 14/14
  1905 | D        | Noticed a freezing wraith
  1905 | D        | Noticed a freezing wraith
  1908 | D        | Killed a freezing wraith
  1909 | D        | Reached skill level 13 in Maces & Flails
  1909 | D        | Killed a freezing wraith
  1973 | D        | Noticed a hellwing
  1977 | D        | Killed a hellwing
  1989 | D        | Reached skill level 14 in Maces & Flails
  2018 | D        | Noticed a vampire mage
  2020 | D        | Noticed a flayed ghost
  2020 | D        | Noticed a flayed ghost
  2023 | D        | Killed a vampire mage
  2024 | D        | Reached XP level 10. HP: 70/70 MP: 0/16
  2428 | D        | Noticed an eidolon
  2432 | D        | Killed an eidolon
  2433 | D        | Reached skill level 1 in Stealth
  2435 | D        | Noticed a cane toad
  2437 | D        | Killed a cane toad
  2438 | D        | Reached skill level 15 in Maces & Flails
  2438 | D        | Noticed Sonja
  2439 | D        | Killed an unseen horror
  2439 | D        | Killed Sonja
  2440 | D        | Reached skill level 10 in Invocations
  2443 | D        | Noticed a lindwurm
  2443 | D        | Noticed a manticore
  2448 | D        | Killed a lindwurm
  2451 | D        | Killed a manticore
  2938 | D        | Noticed a cyclops
  2939 | D        | Noticed a naga mage
  2940 | D        | Noticed a cyclops
  2941 | D        | Noticed a naga mage
  2943 | D        | Reached XP level 11. HP: 75/76 MP: 13/19
  2945 | D        | Noticed a two-headed ogre
  2949 | D        | Killed a cyclops
  2950 | D        | Killed a cyclops
  2953 | D        | Noticed a deep elf death mage
  2954 | D        | Killed a two-headed ogre
  2955 | D        | Reached skill level 10 in Armour
  2958 | D        | Reached skill level 16 in Maces & Flails
  2961 | D        | Killed a deep elf death mage
  3413 | D        | Noticed a catoblepas
  3413 | D        | Noticed a boulder beetle
  3413 | D        | Noticed an emperor scorpion
  3417 | D        | Killed a catoblepas
  3418 | D        | Reached skill level 1 in Spellcasting
  3420 | D        | Killed an emperor scorpion
  3420 | D        | Killed a boulder beetle
  3421 | D        | Reached skill level 10 in Shields
  3421 | D        | Reached skill level 15 in Invocations
  3421 | D        | Noticed a cacodemon
  3422 | D        | Noticed a rakshasa
  3433 | D        | Killed a rakshasa
  3433 | D        | Noticed a lindwurm
  3433 | D        | Blown up by a cacodemon

Illustrated notes

Levels and vault maps discovered:
D:        pitsprint [storerooms_1, entrance_room_1, metal_vault_6, armoury_3,
          mini_pit_1, grid_room_1, main_hall_1, silver_pit, the_coven_2,
          the_vestibule_1, steel_vault_1, golden_pit, hallway_of_sentries,
          crystal_vault_2, iron_vault_2, final_vault]

Skill      XL: |  1  2  3  4  5  6  7  8  9 10 11 |
---------------+----------------------------------+-----
Fighting       | 7 8 9 10 11 12 13 | 13.7
Maces & Flails | 6 8 10 12 14 15 16 | 16.4
Armour         | 5 6 7 8 9 10 | 10.8
Dodging        | 2 3 4 5 6 7 8 |  8.5
Shields        | 5 6 7 8 10 | 10.1
Invocations    | 3 4 5 6 7 8 11 15 | 15.4
Stealth        | 1 2 |  2.6
Spellcasting   | 2 |  2.8

Action                     |  1- 3 |  4- 6 |  7- 9 | 10-12 || total
---------------------------+-------+-------+-------+-------++-------
  Melee: Flail             |    27 |    21 |    51 |       ||    99
         Morningstar       |       |       |    27 |    42 ||    69
 Invoke: Slouch            |       |       |     5 |    15 ||    20
    Use: Potion            |       |       |     2 |     3 ||     5
 Armour: Scale mail        |     4 |     2 |       |       ||     6
         Chain mail        |       |     4 |    56 |    82 ||   142
  Dodge: Dodged            |     3 |     9 |    53 |    80 ||   145
  Block: Buckler           |     2 |     7 |    37 |    44 ||    90

Table legend: (Time is in decaauts)
 A = Elapsed time spent in this place.
 B = Non-inter-level travel time spent in this place.
 C = Inter-level travel time spent in this place.
 D = Time resting spent in this place.
 E = Time spent auto-exploring this place.
 F = Levels seen in this place.
 G = Mean time per level.
                   A        B        C        D        E       F      G
               +--------+--------+--------+--------+--------+-----+--------+
         Total |   3836 |   3716 |    120 |   2682 |      0 |   1 | 3836.0 |
       Dungeon |   3836 |   3716 |    120 |   2682 |      0 |   1 | 3836.0 |
               +--------+--------+--------+--------+--------+-----+--------+

Top non-repeatable levels by time:
       D: 3836 daAuts
